 Dungeon Crawl Stone Soup version 0.27-a0-1181-g5f64966fcc (webtiles) character file.

Game seed: 12561987019969052925

9540 Sobieck the Impaler (level 11, -2/133 HPs)
             Began as a Merfolk Berserker on May 17, 2021.
             Was an Elder of Trog.
             Slain by a meliai zombie (6 damage)
             ... on level 11 of the Dungeon.
             The game lasted 00:23:16 (10279 turns).

Sobieck the Impaler (Merfolk Berserker)            Turns: 10279, Time: 00:23:17

Health: -2/133     AC: 12    Str: 24    XL:     11   Next: 48%
Magic:  0/13       EV: 19    Int:  9    God:    Trog [****..]
Gold:   448        SH:  0    Dex: 20    Spells: 13/13 levels left

rFire    . . .     SeeInvis .   a - +5 glaive of Kacob {venom, Fly rN+ Str+3, polearm}
rCold    + . .     Faith    .   (shield currently unavailable)
rNeg     + . .     Spirit   +   n - +0 troll leather armour
rPois    .         Reflect  .   l - +0 helmet
rElec    .         Harm     .   A - -2 cloak of the Dolphin {rC+ Regen+ Int+3}
rCorr    .         Rampage  +   h - +0 pair of gloves
Will     ++...                  q - +1 pair of boots {rampage}
Stlth    ..........             H - amulet of guardian spirit
HPRegen  3.32/turn              o - +4 ring of protection
MPRegen  0.13/turn              V - +6 ring of dexterity

@: berserking, lethally poisoned (-2 -> -11), strong-willed, flying,
regenerating, very quick
A: (nimble swimmer 2), mertail
a: Renounce Religion, Berserk, Trog's Hand, Brothers in Arms


You were on level 11 of the Dungeon.
You worshipped Trog.
Trog was greatly pleased with you.
You visited 1 branch of the dungeon, and saw 11 of its levels.

You collected 448 gold pieces.


Innate Abilities, Weirdness & Mutations

((You are quick and stealthy near water. (Stealth+, EV+, Speed+++)))
Your lower body shifts to a powerful aquatic tail in water.


   Skills:
 + Level 9.5 Fighting
 * Level 15.7 Polearms
 + Level 5.4 Armour
 + Level 10.7 Dodging
 - Level 1.9 Spellcasting


You had 13 spell levels left.
You didn't know any spells.
Your spell library contained the following spells:

 Spells                   Type           Power      Damage    Failure   Level
 Magic Dart               Conj           0%         1d3       36%         1
 Blink                    Tloc           N/A        N/A       50%         2
 Call Imp                 Summ           0%         N/A       50%         2
 Searing Ray              Conj           0%         3d3       50%         2
 Slow                     Hex            0%         N/A       50%         2
 Conjure Flame            Conj/Fire      0%         6-21      75%         3
 Dazzling Flash           Conj/Hex       0%         N/A       75%         3
 Mephitic Cloud           Conj/Pois/Air  0%         N/A       75%         3
 Fulminant Prism          Conj/Hex       0%         3d6       98%         4
 Iskenderun's Mystic Bla  Conj/Tloc      0%         2d3       98%         4

Inventory:

Hand Weapons
 a - the +5 glaive of Kacob (weapon) {venom, Fly rN+ Str+3, polearm}
   (You acquired it on level 11 of the Dungeon)

   It poisons the flesh of those it strikes.
   It affects your strength (+3).
   It protects you from negative energy.
   It grants you flight.
 y - a +0 hunting sling of freezing {sling}
   (You took it off a goblin on level 4 of the Dungeon)
 O - a +0 trident {polearm}
   (You found it on level 5 of the Dungeon)
Missiles
 f - 310 stones {throwing}
 s - 132 arrows
 t - a throwing net {=f!fthrowing}
 B - 6 javelins {throwing}
 E - 92 sling bullets
 F - 87 bolts
 R - a curare-tipped dart {=fthrowing}
 W - 2 boomerangs {throwing}
Armour
 h - a +0 pair of gloves (worn)
   (You found it on level 1 of the Dungeon)
 l - a +0 helmet (worn)
   (You found it on level 2 of the Dungeon)
 n - a +0 troll leather armour (worn)
   (You found it on level 10 of the Dungeon)
 p - a +2 robe of cold resistance
   (You took it off Erica on level 10 of the Dungeon)
 q - a +1 pair of boots of rampaging (worn)
   (You acquired it on level 11 of the Dungeon)
 A - the -2 cloak of the Dolphin (worn) {rC+ Regen+ Int+3}
   (You acquired it on level 11 of the Dungeon)

   It affects your intelligence (+3).
   It protects you from cold.
   It increases your rate of health regeneration.
 T - +0 steam dragon scales
   (You found it on level 7 of the Dungeon)
 Z - a +2 kite shield
   (You took it off a gnoll sergeant on level 8 of the Dungeon)
Magical Staves
 g - a staff of cold {forbidden!astaff}
   (You found it on level 10 of the Dungeon)
Jewellery
 b - a ring of protection from cold
   (You found it on level 10 of the Dungeon)
 d - a ring of protection from cold
   (You found it on level 10 of the Dungeon)
 o - a +4 ring of protection (left hand)
   (You found it on level 2 of the Dungeon)
 x - a ring of poison resistance
   (You found it on level 4 of the Dungeon)
 H - an amulet of guardian spirit (around neck)
   (You found it on level 5 of the Dungeon)
 N - an amulet of reflection
   (You took it off an orc on level 6 of the Dungeon)
 V - a +6 ring of dexterity (right hand)
   (You found it on level 7 of the Dungeon)
Wands
 C - a wand of charming (15)
   (You found it on level 5 of the Dungeon)
 D - a wand of polymorph (5)
   (You took it off Ijyb on level 5 of the Dungeon)
 L - a wand of paralysis (11)
   (You found it on level 6 of the Dungeon)
Scrolls
 k - 2 scrolls of enchant weapon {unknown}
 m - a scroll of blinking {!r}
 r - a scroll of fog
 v - 6 scrolls of teleportation {@r4}
 z - 4 scrolls of identify {@r1}
 J - a scroll of immolation {unknown}
 M - 2 scrolls of summoning {unknown}
 Q - a scroll of amnesia {unknown}
 X - a scroll of vulnerability {unknown}
Potions
 c - 2 potions of flight
 e - 4 potions of brilliance
 i - 2 potions of invisibility {unknown}
 j - 3 potions of lignification {unknown}
 u - 2 potions of mutation {unknown}
 G - a potion of resistance {unknown}
 I - a potion of haste {@q3}
 K - 3 potions of heal wounds {unknown}
 S - 2 potions of might {unknown}
 U - 2 potions of attraction {unknown}
 Y - a potion of curing {unknown}

Dungeon Overview and Level Annotations

Branches:
Dungeon (11/15)            Temple (0/1) D:7            Lair (0/6) D:10
    Orc: D:9-12

Altars:
Ru

Annotations:
D:2 1 runed translucent door, Crazy Yiuf
D:10 exclusion: downstairs

#..# #..# #..#
#$.# #..#####
#####..# #..#
#....... .......#
#..# #.......
.......# #####..#
#..#####
#####............#
#..#
#............#
#..#
#..##..####Zz##
#..##### ....
....Tz.@.#
#.......
#########.###.#
#....... #.#
#..#####
#.########..#
#...........#
#...........#
#..#######..#####
#..# #....... #..#
#.......


You could see 2 skeletal warriors, a troll and a meliai zombie.


Message History

Trog accepts your kill. The meliai zombie barely misses you.
The meliai zombie hits you.
A skeletal warrior comes into view.
It is wielding a +0 long sword. 😕 HP[-1]
You take 1 damage, and now have 88/89 hp.
You slice the shadow!!
You destroy the shadow!
Trog accepts your kill. The meliai zombie misses you.
The meliai zombie closely misses you.
The meliai zombie misses you. x2 😎 HP[+1]
Your hp is fully restored (89).
You closely miss the meliai zombie. The meliai zombie misses you.
The meliai zombie completely misses you.
The meliai zombie misses you. The meliai zombie hits you. 😕 HP[-3]
You take 3 damage, and now have 86/89 hp.
You slice the skeletal warrior!!
You hear a shout!
The meliai zombie misses you. The meliai zombie barely misses you.
A skeletal warrior comes into view. It is wielding a +0 short sword.
The skeletal warrior hits you with a +0 long sword! 😕 HP[-6] MP[-1]
You take 6 damage, and now have 80/89 hp.
You lost 1 mp, and now have 12/13 mp.
You slash the skeletal warrior! The meliai zombie closely misses you.
The meliai zombie hits you but does no damage.
The meliai zombie misses you.
The meliai zombie barely misses you. 😕 HP[+2]
You regained 2 hp, and now have 82/89 hp.
You slash the skeletal warrior! The meliai zombie misses you.
The meliai zombie hits you but does no damage.
The meliai zombie barely misses you. The meliai zombie misses you. 😕 HP[+2]
You regained 2 hp, and now have 84/89 hp.
You hit the skeletal warrior.
The skeletal warrior throws a stone.
The stone closely misses you.
The skeletal warrior hits you with a +0 long sword!
The meliai zombie closely misses you.
The meliai zombie hits you but does no damage. 😕 HP[-13] MP[-2]
You take 13 damage, and now have 71/89 hp.
You lost 2 mp, and now have 10/13 mp.
You hit the skeletal warrior.
You destroy the skeletal warrior!
Trog accepts your kill. The meliai zombie misses you.
The meliai zombie closely misses you.
A skeletal warrior comes into view.
It is wielding the +8 trident of the Octopus King {venom, rElec rPois Will+}.
The meliai zombie misses you. x2 😕 HP[+2]
You regained 2 hp, and now have 73/89 hp.
You barely miss the skeletal warrior. The meliai zombie barely misses you.
The meliai zombie hits you!
The skeletal warrior hits you with a +0 short sword!
A troll comes into view. 😮 HP[-13] MP[-3]
You take 13 damage, and now have 60/89 hp.
You lost 3 mp, and now have 7/13 mp.
You are too injured to fight recklessly!
You are too injured to fight recklessly!
You are too injured to fight recklessly!
Unknown command.
Press: ? - help, v - describe, . - travel
Here: a skeletal warrior, wielding the +8 trident of the Octopus King {venom, rElec rPois Will+} The floor.
Unknown command.
You fail to use your ability.
The meliai zombie completely misses you. x2
The skeletal warrior hits you from afar with the +8 trident of the Octopus King {venom, rElec rPois Will+}!
You are poisoned.
The skeletal warrior hits you with a +0 short sword!
* * * LOW HITPOINT WARNING * * *
The meliai zombie closely misses you. x2 😨 HP[-16] MP[-3]
You take 16 damage, and now have 44/89 hp.
You lost 3 mp, and now have 4/13 mp.
Your skin crawls.
You feel strong-willed.
You feel very sick. The meliai zombie barely misses you.
The meliai zombie closely misses you.
The skeletal warrior hits you from afar with the +8 trident of the Octopus King {venom, rElec rPois Will+}!
* * * LOW HITPOINT WARNING * * *
You are more poisoned.
The meliai zombie misses you.
The meliai zombie barely misses you. 😨 HP[-11] MP[-1]
You take 11 damage, and now have 33/89 hp.
You lost 1 mp, and now have 3/13 mp.
A red film seems to cover your vision as you go berserk!
You feel yourself moving faster!
You feel mighty!
You feel very sick.
The meliai zombie completely misses you.
The meliai zombie hits you.
* * * LOW HITPOINT WARNING * * *
The skeletal warrior hits you with a +0 short sword!
* * * LOW HITPOINT WARNING * * *
The skeletal warrior hits you from afar with the +8 trident of the Octopus King {venom, rElec rPois Will+}!!
* * * LOW HITPOINT WARNING * * *
You are lethally poisoned!
The meliai zombie hits you!
You die...

Skill      XL: |  1  2  3  4  5  6  7  8  9 10 11 |
---------------+----------------------------------+-----
Dodging        | 3 4 5 6 7 8 10 | 10.7
Polearms       | 5 7 8 9 11 13 14 15 | 15.7
Fighting       | 4 5 6 7 8 9 |  9.5
Armour         | 2 3 4 5 |  5.4
Spellcasting   | 1 |  1.9

Action                   |  1- 3 |  4- 6 |  7- 9 | 10-12 || total
-------------------------+-------+-------+-------+-------++-------
Melee: Spear             |    73 |   156 |   177 |       ||   406
       Trident           |       |       |    73 |       ||    73
       Halberd           |       |       |   121 |       ||   121
       Glaive            |       |       |    34 |   128 ||   162
 Fire: Hunting sling     |       |    15 |     8 |       ||    23
Invok: Berserk           |     2 |     2 |    11 |     2 ||    17
       Trog's Hand       |       |       |       |     1 ||     1
  Use: Scroll            |       |       |     9 |       ||     9
 Stab: Sleeping          |     3 |     2 |     1 |     1 ||     7
       Distracted        |     1 |       |       |       ||     1
Armor: Animal skin       |     7 |    10 |       |       ||    17
       Chain mail        |       |    21 |   111 |       ||   132
       Leather armour    |       |     8 |       |       ||     8
       Steam dragon scal |       |       |    22 |    20 ||    42
       Troll leather arm |       |       |       |    12 ||    12
Dodge: Dodged            |    18 |    65 |   156 |   103 ||   342

Levels and vault maps discovered:
D:1:      nzn_arrival_settlement, layout_basic, serial_forest,
          infiniplex_forest_clump_curved, infiniplex_forest_straight_3,
          infiniplex_forest_lined_2, infiniplex_forest_lined_2,
          infiniplex_forest_straight_3, st_stairs_8
D:2:      layout_loops_corners, basic_ecumenical_altar, uniq_jessica,
          uniq_crazy_yiuf_cottage, uniq_sigmund
D:3:      layout_loops_ring
D:4:      layout_loops_cross, nicolae_ru_great_annihilating_truth,
          kennysheep_diamond
D:5:      layout_loops_cross, hangedman_decor_push, uniq_menkaure, uniq_ijyb
D:6:      layout_basic, uniq_grinder, uniq_eustachio, uniq_duvessa
D:7:      layout_gridville, minmay_temple_entry_antechambers,
          minmay_a_box_with_orc_wizards_in_it
D:8:      layout_loops_ring
D:9:      layout_loops_ring, grunt_decor_mini_mirrors, kennysheep_small_spiral
D:10:     layout_basic, minmay_lair_entry_grove, uniq_erica
D:11:     minmay_the_grid_square_5x5_5x5_mashed
          [minmay_the_grid_square_5x5_fancy_junction,
          minmay_the_grid_square_5x5_sharp_hourglass,
          minmay_the_grid_square_5x5_checkered, minmay_the_grid_square_5x5_n,
          minmay_the_grid_square_5x5_two_walls_a, minmay_the_grid_square_5x5_c,
          minmay_the_grid_square_5x5_prize_itemx,
          minmay_the_grid_square_5x5_percent,
          minmay_the_grid_square_5x5_prize_monsterx,
          minmay_the_grid_square_5x5_longway, minmay_the_grid_square_5x5_comb,
          minmay_the_grid_square_5x5_bite,
          minmay_the_grid_square_5x5_prize_pseudospiral,
          minmay_the_grid_square_5x5_pentomino_r, minmay_the_grid_square_5x5_z,
          minmay_the_grid_square_5x5_moneybag,
          minmay_the_grid_square_5x5_prize_open,
          minmay_the_grid_square_5x5_spiral,
          minmay_the_grid_square_5x5_prize_rear_guard,
          minmay_the_grid_square_5x5_inner_z,
          minmay_the_grid_square_5x5_half_checkered,
          minmay_the_grid_square_5x5_eight,
          minmay_the_grid_square_5x5_checkered_sparse,
          minmay_the_grid_square_5x5_corner,
          minmay_the_grid_square_5x5_eight_small], layout_small_grid,
          minmay_beelzebubs_servants

Notes
Turn   | Place    | Note
-------+----------+-------------------------------------------
     0 | D:1      | Sobieck the Merfolk Berserker began the quest for the Orb.
     0 | D:1      | Reached XP level 1. HP: 18/18 MP: 1/1
     0 | D:1      | magus.rc [v1.9.6]
   265 | D:2      | Found a faded altar of an unknown god.
   457 | D:1      | Reached skill level 3 in Dodging
   457 | D:1      | Reached XP level 2. HP: 24/24 MP: 2/2
   521 | D:1      | Reached skill level 5 in Polearms
   839 | D:1      | Reached ** piety under Trog
   842 | D:1      | Reached XP level 3. HP: 29/29 MP: 3/3
  1182 | D:2      | Noticed Jessica
  1188 | D:2      | Killed Jessica
  1189 | D:2      | Reached XP level 4. HP: 37/37 MP: 4/4
  1474 | D:4      | Reached skill level 6 in Polearms
  1631 | D:2      | Found a runed translucent door.
  1632 | D:2      | Noticed Crazy Yiuf
  1724 | D:2      | Noticed Sigmund
  1736 | D:2      | Killed Sigmund
  1737 | D:2      | Reached skill level 4 in Fighting
  1737 | D:2      | Reached skill level 7 in Polearms
  1737 | D:2      | Reached skill level 4 in Dodging
  1737 | D:2      | Reached XP level 5. HP: 43/43 MP: 5/5
  1737 | D:2      | Reached XP level 6. HP: 49/49 MP: 6/6
  2514 | D:3      | You pick up a book of Minor Magic {forbidden} and begin
                  | reading...
  2514 | D:3      | You add the spells Magic Dart, Blink, Call Imp, Slow,
                  | Conjure Flame and Mephitic Cloud to your library.
  3149 | D:5      | Entered Level 5 of the Dungeon
  3199 | D:4      | Found a sacrificial altar of Ru.
  3212 | D:4      | Reached *** piety under Trog
  3370 | D:4      | Noticed a necrophage
  3384 | D:4      | Killed a necrophage
  3385 | D:4      | Reached skill level 8 in Polearms
  3385 | D:4      | Reached skill level 5 in Dodging
  3641 | D:4      | Reached skill level 5 in Fighting
  3641 | D:4      | Reached XP level 7. HP: 51/56 MP: 7/7
  4054 | D:5      | Noticed Menkaure
  4060 | D:5      | Killed Menkaure
  4061 | D:5      | Reached skill level 9 in Polearms
  4334 | D:5      | Noticed Ijyb
  4341 | D:5      | Killed Ijyb
  4342 | D:5      | Reached skill level 6 in Dodging
  4796 | D:5      | You pick up a book of Conjurations {forbidden@e2} and begin
                  | reading...
  4796 | D:5      | You add the spells Searing Ray, Dazzling Flash, Fulminant
                  | Prism and Iskenderun's Mystic Blast to your library.
  4859 | D:5      | Reached XP level 8. HP: 53/64 MP: 8/8
  5025 | D:5      | Reached skill level 10 in Polearms
  5155 | D:5      | Reached skill level 6 in Fighting
  5800 | D:6      | Noticed Duvessa
  5800 | D:6      | Noticed Dowan
  5813 | D:6      | Killed Duvessa
  5814 | D:6      | Reached skill level 2 in Armour
  5821 | D:6      | Killed Dowan
  5921 | D:6      | Reached skill level 7 in Dodging
  5970 | D:6      | Noticed Eustachio
  5993 | D:6      | Killed Eustachio
  5994 | D:6      | Reached skill level 11 in Polearms
  6174 | D:6      | Reached XP level 9. HP: 58/71 MP: 9/9
  6283 | D:6      | Noticed Grinder
  6301 | D:6      | Killed Grinder
  6346 | D:6      | Reached skill level 3 in Armour
  6605 | D:8      | Reached skill level 7 in Fighting
  6612 | D:8      | Reached skill level 12 in Polearms
  6613 | D:8      | Reached **** piety under Trog
  6702 | D:8      | Reached skill level 8 in Dodging
  7328 | D:7      | You pick up a book of Minor Magic {forbidden} and begin
                  | reading...
  7472 | D:7      | Found a staircase to the Ecumenical Temple.
  7791 | D:8      | You fall into a shaft and drop 3 floors!
  7834 | D:11     | Identified 3 scrolls of acquirement
  7834 | D:11     | Acquired the +5 glaive of Kacob {venom, Fly rN+ Str+3}
  7837 | D:11     | Acquired the -2 cloak of the Dolphin {rC+ Regen+ Int+3}
  7849 | D:11     | Acquired a +1 pair of boots of rampaging
  7896 | D:11     | Reached skill level 13 in Polearms
  7918 | D:10     | Entered Level 10 of the Dungeon
  8355 | D:8      | Reached XP level 10. HP: 77/80 MP: 10/10
  8356 | D:8      | Reached skill level 4 in Armour
  8356 | D:8      | Reached skill level 9 in Dodging
  8358 | D:8      | Reached skill level 8 in Fighting
  8423 | D:8      | Noticed a two-headed ogre
  8425 | D:8      | Killed a two-headed ogre
  8426 | D:8      | Reached skill level 1 in Spellcasting
  8888 | D:9      | Noticed a two-headed ogre
  8894 | D:9      | Killed a two-headed ogre
  8895 | D:9      | Reached skill level 14 in Polearms
  9423 | D:10     | Noticed Erica
  9466 | D:10     | Reached skill level 10 in Dodging
  9471 | D:10     | Reached XP level 11. HP: 87/87 MP: 10/13
  9478 | D:10     | Killed Erica
  9479 | D:10     | Reached skill level 9 in Fighting
  9479 | D:10     | Reached skill level 15 in Polearms
  9479 | D:10     | Reached skill level 5 in Armour
  9679 | D:10     | Found a staircase to the Lair.
 10105 | D:11     | Noticed a two-headed ogre
 10268 | D:11     | Noticed a skeletal warrior
 10271 | D:11     | Noticed a skeletal warrior
 10275 | D:11     | Killed a skeletal warrior
 10275 | D:11     | a skeletal warrior comes into view. It is wielding the +8
                  | trident of the Octopus King {venom, rElec rPois Will+}.
 10275 | D:11     | Noticed a skeletal warrior
 10277 | D:11     | Here: a skeletal warrior, wielding the +8 trident of the
                  | Octopus King {venom, rElec rPois Will+}
 10277 | D:11     | Here: a skeletal warrior, wielding the +8 trident of the
                  | Octopus King {venom, rElec rPois Will+}
 10279 | D:11     | HP: 31/133 [skeletal warrior/+0 short sword (12)]
 10279 | D:11     | HP: 4/133 [skeletal warrior/the +8 trident of the Octopus
                  | King {venom, rElec rPois Will+}[a skeletal warrior] (27)]
 10279 | D:11     | Slain by a meliai zombie

Vanquished Creatures
  Erica (D:10)
  2 two-headed ogres
  A skeletal warrior (D:11)
  3 centaur zombies
  A troll (D:10)
  Grinder (D:6)
  4 shadows
  Sigmund (D:2)
  3 wyverns (D:10)
  4 yaks (D:8)
  Eustachio (D:6)
  A steam dragon (D:7)
  Menkaure (D:5)
  An acid dragon (D:10)
  2 water moccasins
  Duvessa (D:6)
  5 black bears
  A sky beast (D:5)
  2 centaurs
  A necrophage (D:4)
  2 wolves (D:10)
  A kobold brigand (D:6)
  A bullfrog (D:8)
  2 gnoll sergeants
  A wyvern zombie (D:5)
  2 scorpions
  Dowan (D:6)
  A water moccasin zombie (D:6)
  8 killer bees
  10 wights
  2 howler monkeys
  An orc priest (D:8)
  4 hounds
  A jelly (D:5)
  A centaur skeleton (D:7)
  Jessica (D:2)
  2 bullfrog skeletons
  7 iguanas
  Ijyb (D:5)
  6 orc wizards
  A scorpion zombie (D:5)
  A killer bee zombie (D:7)
  A howler monkey zombie (D:10)
  7 gnolls
  2 adders
  A shadow imp (D:6)
  A white imp (D:5)
  An ufetubus (D:6)
  A worm (D:5)
  3 dart slugs
  13 orcs
  5 bats
  8 endoplasms
  4 giant cockroaches
  8 goblins
  5 hobgoblins
  9 jackals
  10 kobolds
  11 ball pythons
  2 frilled lizards
  3 rats
189 creatures vanquished.

Vanquished Creatures (others)
  An orc wizard (D:7)
  A bush (D:10)
  2 fungi (D:10)
  14 plants
18 creatures vanquished.

Grand Total: 207 creatures vanquished

Table legend:
 A = Non-vault XP
 B = Vault XP
 C = Vault XP percentage of total XP
 D = Non-vault monster count
 E = Vault monster count
 F = Vault count percentage of total count
                 A         B        C        D         E       F
            +---------+---------+-------+---------+---------+-------
      Total |    8816 |    4813 |  35.3 |     155 |      35 |  18.4
            +---------+---------+-------+---------+---------+-------
        D:1 |      40 |       2 |   4.8 |      22 |       1 |   4.3
        D:2 |      41 |     249 |  85.9 |      17 |       2 |  10.5
        D:3 |      17 |       0 |   0.0 |       8 |       0 |   0.0
        D:4 |     263 |      46 |  14.9 |      14 |       6 |  30.0
        D:5 |     645 |     190 |  22.8 |      13 |       2 |  13.3
        D:6 |     648 |     695 |  51.7 |      19 |       4 |  17.4
        D:7 |     367 |     139 |  27.5 |      10 |       4 |  28.6
        D:8 |    2566 |       0 |   0.0 |      27 |       0 |   0.0
        D:9 |    1362 |       0 |   0.0 |       4 |       0 |   0.0
       D:10 |    1268 |    2806 |  68.9 |      15 |      14 |  48.3
       D:11 |    1599 |     686 |  30.0 |       6 |       2 |  25.0
            +---------+---------+-------+---------+---------+-------

Illustrated notes

Table legend:
 A = Kills in this place as a percentage of kills in entire the game.
 B = Kills by you in this place as a percentage of kills by you in the entire game.
 C = Kills by friends in this place as a percentage of kills by friends in the entire game.
 D = Other kills in this place as a percentage of other kills in the entire game.
 E = Experience gained in this place as a percentage of experience gained in the entire game.
 F = Experience gained in this place divided by the number of levels of this place that you have seen.
                   A       B       C       D       E      F
               +-------+-------+-------+-------+-------+----------------------
         Total | 100.0 | 100.0 |   N/A | 100.0 | 100.0 | 1239.0
       Dungeon | 100.0 | 100.0 |   N/A | 100.0 | 100.0 | 1239.0
               +-------+-------+-------+-------+-------+----------------------

Table legend: (Time is in decaauts)
 A = Elapsed time spent in this place.
 B = Non-inter-level travel time spent in this place.
 C = Inter-level travel time spent in this place.
 D = Time resting spent in this place.
 E = Time spent auto-exploring this place.
 F = Levels seen in this place.
 G = Mean time per level.
                   A        B        C        D        E       F      G
               +--------+--------+--------+--------+--------+-----+--------+
         Total |  10287 |   9483 |    804 |   1375 |   6605 |  11 |  935.2 |
       Dungeon |  10287 |   9483 |    804 |   1375 |   6605 |  11 |  935.2 |
               +--------+--------+--------+--------+--------+-----+--------+

Top non-repeatable levels by time:
     D:5: 1451 daAuts
     D:2: 1287 daAuts
     D:1: 1119 daAuts
     D:6: 1091 daAuts
     D:8: 1068 daAuts
     D:7: 891 daAuts
     D:9: 879 daAuts
     D:4: 827 daAuts
    D:10: 728 daAuts
     D:3: 692 daAuts
    D:11: 251 daAuts
